 Dungeon Crawl Stone Soup version 0.21.1-1-g345015fe64 (webtiles) character file.

296 RepoMan the Insei (level 6, 0/47 HPs)
             Began as a Draconian Transmuter on July 11, 2018.
             Slain by a killer bee (4 damage)
             ... on level 4 of the Dungeon.
             The game lasted 00:16:28 (2680 turns).

RepoMan the Insei (Draconian Transmuter)            Turns: 2680, Time: 00:16:29

Health: 0/47       AC:  6    Str: 12    XL:     6   Next: 12%
Magic:  3/10       EV: 12    Int: 13    God:
Gold:   246        SH:  0    Dex: 14    Spells: 5/11 levels left

rFire    . . .     SeeInvis .     - Unarmed
rCold    . . .     Gourm    .   (no shield)
rNeg     . . .     Faith    .   (armour unavailable)
rPois    .         Spirit   .   (helmet restricted)
rElec    .         Reflect  .   (no cloak)
rCorr    .         Harm     .   (no gloves)
MR       .....                  (no boots)
Stlth    +.........             e - amulet of regeneration
HPRegen  0.55/turn              (no ring)
MPRegen  0.12/turn              (no ring)

@: lethally poisoned (0 -> 0), appendage, hasted, very quick
A: unfitting armour, horns 2, cold-blooded, AC +6
a: End Transformation


You were on level 4 of the Dungeon.
You were hungry.
You had grown temporary horns.
You visited 1 branch of the dungeon, and saw 4 of its levels.

You collected 246 gold pieces.

Inventory:

Missiles
 a - 44 arrows
 j - 2 throwing nets (quivered)
Jewellery
 e - an amulet of regeneration (around neck)
 l - a +4 ring of strength {unknown}
 t - an uncursed ring of poison resistance {unknown}
Wands
 s - a wand of digging (19)
 v - a wand of acid (9)
Scrolls
 g - a scroll of teleportation {unknown}
 h - 2 scrolls of immolation
 i - a scroll of amnesia {unknown}
 m - a scroll of fog {unknown}
 n - 6 scrolls of identify {unknown}
 p - a scroll of blinking {unknown}
Potions
 d - a potion of haste
 f - a potion of lignification {unknown}
 k - a potion of mutation {unknown}
 o - 4 potions of curing
 q - a potion of experience {unknown}
Books
 b - a book of Changes

   Spells                             Type                      Level
   a - Beastly Appendage              Transmutation                1
   b - Sticks to Snakes               Transmutation                2
   c - Spider Form                    Transmutation/Poison         3
   d - Ice Form                       Ice/Transmutation            4
   e - Blade Hands                    Transmutation                5
 u - a book of Maledictions

   Spells                             Type                      Level
   a - Corona                         Hexes                        1
   b - Ensorcelled Hibernation        Hexes/Ice                    2
   c - Confuse                        Hexes                        3
   d - Tukima's Dance                 Hexes                        3
   e - Dazzling Spray                 Conjuration/Hexes            3
Comestibles
 c - 8 rations
 r - a chunk of flesh


   Skills:
 - Level 1.1 Fighting
 - Level 1.7 Dodging
 * Level 4.9 Unarmed Combat
 + Level 3.1 Spellcasting
 * Level 4.3 Transmutations


You had 5 spell levels left.
You knew the following spells:

 Your Spells              Type           Power        Failure   Level  Hunger
a - Beastly Appendage     Tmut           ##....       3%          1    #......
c - Spider Form           Tmut/Pois      #.........   28%         3    ###....
v - Sticks to Snakes      Tmut           ##......     6%          2    ##.....


Dungeon Overview and Level Annotations

Branches:
Dungeon (4/15)
 Temple: D:4-7

Altars:
Hepliaklqana
Okawaru


Innate Abilities, Weirdness & Mutations

Your plain brown scales are hard. (AC +6)
You cannot fit into any form of body armour.
You are cold-blooded and may be slowed by cold attacks.
You have a pair of horns on your head.


Message History

Unknown command.
Unknown command.
Okay, then.
The killer bee closely misses you. The killer bee stings you.
* * * LOW HITPOINT WARNING * * *
You are poisoned.
The killer bee poisons you!
Your ball python closely misses the killer bee.
Your ball python barely misses the killer bee.
Unknown command.
Evoke which item? (* to show all) (? for menu, Esc to quit)
Okay, then.
Okay, then.
It was a potion of haste.
You feel yourself speed up.
You feel sick.
The killer bee stings you but does no damage.
The worker ant closely misses you.
Your ball python completely misses the killer bee. x2
The killer bee misses you.
You feel sick. The killer bee stings you.
You die...

#.....#...#
#.....'...#.....#
#.....#...#.....
####.....#...#.....
.........#...##...#
.........######...#
..............#...# ####
..............#...##...#
....[.........#.@.......
..............#..yS.....
..............#yay......
..............##y#########
#......###+#....Sy........
#......#...#.....y.....y..
#......#...#......).....!.
#......'...#..............
'......#...#..............


You could see a worker ant (inner flame), 6 killer bees, an adder (inner flame)
and a friendly ball python.

Vanquished Creatures
  Eustachio (D:4)
  5 adders
  2 worms (D:2)
  2 dart slugs
  11 orcs (D:3)
  11 giant cockroaches
  4 goblins
  9 hobgoblins
  7 jackals (D:1)
  8 kobolds
  A quokka (D:3)
  7 bats
  5 frilled lizards
  3 rats
76 creatures vanquished.

Vanquished Creatures (collateral kills)
  A leopard gecko (D:2)
1 creature vanquished.

Grand Total: 77 creatures vanquished

Notes
Turn   | Place    | Note
-------+----------+-------------------------------------------
     0 | D:1      | RepoMan the Draconian Transmuter began the quest for the Orb.
     0 | D:1      | Reached XP level 1. HP: 16/16 MP: 3/3
   111 | D:1      | Reached XP level 2. HP: 23/23 MP: 3/5
   117 | D:1      | Learned a level 2 spell: Sticks to Snakes
   627 | D:1      | Reached XP level 3. HP: 26/28 MP: 6/6
   846 | D:2      | Found a faded altar of an unknown god.
  1078 | D:2      | Learned a level 3 spell: Spider Form
  1241 | D:2      | Found an iron altar of Okawaru.
  1566 | D:3      | Reached XP level 4. HP: 27/35 MP: 5/7
  1694 | D:3      | Found a hazy altar of Hepliaklqana.
  2407 | D:4      | Reached XP level 5. HP: 29/40 MP: 7/9
  2490 | D:4      | Noticed Eustachio
  2510 | D:4      | Killed Eustachio
  2510 | D:4      | Reached XP level 6. HP: 36/47 MP: 4/10
  2680 | D:4      | Slain by a killer bee

Skill      XL: |  1  2  3  4  5 |
---------------+----------------+-----
Transmutations | 3 4 |  4.3
Unarmed Combat | 4 |  4.9
Spellcasting   | 3 |  3.1
Fighting       | |  1.1
Dodging        | |  1.7

Action                   |  1- 3 |  4- 6 || total
-------------------------+-------+-------++-------
Melee: Unarmed           |   162 |   130 ||   292
       Tailslap          |    14 |     9 ||    23
       Kick              |    16 |    13 ||    29
       Headbutt          |     8 |     9 ||    17
       Punch             |     1 |       ||     1
 Cast: Beastly Appendage |    28 |    11 ||    39
       Sticks to Snakes  |     2 |     4 ||     6
       Spider Form       |       |     3 ||     3
  Use: Potion            |       |     2 ||     2
       Scroll            |       |     1 ||     1
 Stab: Sleeping          |     2 |       ||     2
  Eat: Chunk             |     3 |     4 ||     7
Armor: Skin              |    33 |    26 ||    59
Dodge: Dodged            |    86 |   102 ||   188
